 Dungeon Sprint DCSS version 0.24-a0-244-ga6a6ab7 (webtiles) character file.

Game seed: 13138386719666705930

28 MikeHunt the Magician (level 3, -13/26 HPs)
             Began as a Draconian Air Elementalist on Apr 11, 2019.
             Mangled by a water elemental (20 damage)
             ... in the Dungeon (Sprint III: "The Ten Rune Challenge").
             The game lasted 00:03:13 (454 turns).

MikeHunt the Magician (Draconian Air Elementalist)   Turns: 454, Time: 00:03:14

Health: -13/26     AC:  6    Str: 10    XL:     3   Next: 0%
Magic:  6/9        EV: 12    Int: 16    God:
Gold:   20         SH:  0    Dex: 11    Spells: 10/11 levels left

rFire    . . .     SeeInvis .   (no weapon)
rCold    . . .     Gourm    .   (no shield)
rNeg     . . .     Faith    .   (armour unavailable)
rPois    .         Spirit   .   (helmet restricted)
rElec    .         Reflect  .   (no cloak)
rCorr    .         Harm     .   (no gloves)
MR       .....     NoTele   +   (no boots)
Stlth    ++........             (no amulet)
HPRegen  0.08/turn              (no ring)
MPRegen  0.11/turn              (no ring)

@: no status effects
A: unfitting armour, horns 1, shaggy fur 1, cold-blooded, AC +5
a: no special abilities


You were in the Dungeon.
You were not hungry.

You visited 1 branch You collected 20 gold pieces.

Inventory:

Scrolls
 a - 3 scrolls of identify {unknown}
 h - a scroll of blinking
 i - a scroll of torment {unknown}
 j - a scroll of immolation {unknown}
 k - 2 scrolls of remove curse {unknown}
Potions
 c - 3 potions of curing
 d - a potion of heal wounds
 e - a potion of haste
 f - 2 potions of magic
 l - 2 potions of flight
 m - 4 potions of mutation
Comestibles
 b - 3 rations
 g - a chunk of flesh {@w1}


   Skills:
 - Level 1.7 Dodging
 - Level 1.7 Stealth
 + Level 4.5 Spellcasting
 + Level 2.7 Conjurations
 + Level 4.0 Air Magic


You had 10 spell levels left.
You knew the following spells:

 Your Spells              Type           Power        Failure   Level  Hunger
a - Shock                 Conj/Air       ##..         4%          1    None

Your spell library contained the following spells:

 Spells                   Type           Power        Failure   Level  Hunger
 Swiftness                Chrm/Air       ##......     11%         2    ##.....
 Static Discharge         Conj/Air       ##......     12%         3    ###....
 Airstrike                Air            ###.......   30%         4    ####...
 Lightning Bolt           Conj/Air       ##........   73%         5    ######.


Dungeon Overview and Level Annotations

Branches:
Dungeon (1/1)

Altars:


Innate Abilities, Weirdness & Mutations

Your plain brown scales are hard. (AC +5)
You cannot fit into any form of body armour.
You are cold-blooded and may be slowed by cold attacks.
You have a pair of small horns on your head.
You are covered in fur. (AC +1)


Message History

Confirm with . or Enter, or press ? or * to list all spells.
Aiming: Shock (safe; 4% risk of failure)
Press: ? - help, Shift-Dir - straight line The zap hits the water elemental.
The water elemental completely resists.
The water elemental is lightly damaged.
The zap hits the water elemental.
The water elemental resists.
The water elemental is lightly damaged.
The water elemental hits you!
* * * LOW HITPOINT WARNING * * *
Casting: Shock (safe; 4% risk of failure)
Confirm with . or Enter, or press ? or * to list all spells.
Aiming: Shock (safe; 4% risk of failure)
Press: ? - help, Shift-Dir - straight line The zap hits the water elemental.
The water elemental completely resists.
The water elemental is lightly damaged.
The zap hits the water elemental but does no damage.
The water elemental is lightly damaged.
The water elemental hits you!!
Ouch! That really hurt!
You die...

▓▓▓▓▓▓▓▓▓ ▓▓▓
▓<..#...#### ##.#
▓...#..@...#####..#
▓..##...E...#..#..#
▓##÷##.##...#..#..###+#+
##.##.###..##'#..#.....
▓#.####.##..###...'.⌠...
▓.###..##..####...#
▓#.....##..###....#
###..##...##.....#
##..##....#......#


You could see a water elemental.

Vanquished Creatures
  A human (D)
  An ooze (D)
  A phantom (D)
  3 rats (D)
6 creatures vanquished.

Vanquished Creatures (others)
  2 draconian scorchers (D)
  6 hellions (D)
  2 yaktaurs (D)
10 creatures vanquished.

Grand Total: 16 creatures vanquished

Notes
Turn   | Place    | Note
-------+----------+-------------------------------------------
     0 | D        | MikeHunt the Draconian Air Elementalist began the quest for
                  | the Orb.
     0 | D        | Reached XP level 1. HP: 14/14 MP: 3/3
    72 | D        | Killed a hellion
   107 | D        | Killed a hellion
   109 | D        | Killed a hellion
   109 | D        | Killed a hellion
   110 | D        | Killed a hellion
   194 | D        | Killed a hellion
   196 | D        | Killed a white draconian scorcher
   232 | D        | Killed a white draconian scorcher
   271 | D        | Reached XP level 2. HP: 18/20 MP: 1/7
   341 | D        | Killed a yaktaur
   385 | D        | Killed a yaktaur
   403 | D        | Reached XP level 3. HP: 26/26 MP: 6/9
   426 | D        | Gained mutation: You expend magic power (3 MP) to
                  | strengthen your wands. [potion of mutation]
   426 | D        | Gained mutation: You have large cloven feet. [potion of
                  | mutation]
   429 | D        | Lost mutation: You expend magic power (3 MP) to strengthen
                  | your wands. [potion of mutation]
   429 | D        | Lost mutation: You have large cloven feet. [potion of
                  | mutation]
   429 | D        | Gained mutation: You are covered in fur. (AC +1) [potion of
                  | mutation]
   429 | D        | Gained mutation: You have a pair of small horns on your
                  | head. [potion of mutation]
   431 | D        | Noticed a water elemental
   454 | D        | Mangled by a water elemental

Levels and vault maps discovered:
D:        dungeon_sprint_mu [sprint_mu_entry_cave, sprint_mu_temple_rooms,
          sprint_mu_d1_spiders, sprint_mu_d2_genie, sprint_mu_d3_branching,
          sprint_mu_orc_legion, sprint_mu_elf_gauntlet, sprint_mu_hive_nellie,
          sprint_mu_lair_fedhas, sprint_mu_vaults_butterflies,
          sprint_mu_slime_circle, sprint_mu_swamp_cave, sprint_mu_shoals_kraken,
          sprint_mu_blade_basic, sprint_mu_crypt_chambers,
          sprint_mu_tomb_spiral, sprint_mu_vestibule_basic,
          sprint_mu_gehenna_hellfire, sprint_mu_dis_giant,
          sprint_mu_tartarus_statrot, sprint_mu_cocytus_islands, sprint_mu_zot1]

Skill      XL: |  1  2 |
---------------+-------+-----
Spellcasting   | 4 |  4.5
Conjurations   | 2 |  2.7
Air Magic      | 4 |  4.0
Dodging        | |  1.7
Stealth        | |  1.7

Action                   || total
-------------------------++-------
Melee: Unarmed           ||    33
       Tailslap          ||     3
 Cast: Shock             ||    16
  Use: Potion            ||     3
 Stab: Sleeping          ||     1
Armor: Skin              ||     4
Dodge: Dodged            ||    22

Table legend:
 A = Non-vault XP
 B = Vault XP
 C = Vault XP percentage of total XP
 D = Non-vault monster count
 E = Vault monster count
 F = Vault count percentage of total count
                 A         B        C        D         E       F
            +---------+---------+-------+---------+---------+-------
      Total |       0 |      41 | 100.0 |       0 |       6 | 100.0
            +---------+---------+-------+---------+---------+-------
          D |       0 |      41 | 100.0 |       0 |       6 | 100.0
            +---------+---------+-------+---------+---------+-------
